[Event "III Menorca Open-A 2024"]
[Site "Ciutadella Menorca"]
[Date "2024.04.03"]
[Round "3.10"]
[White "Albornoz Cabrera, Carlos Daniel"]
[Black "Castellanos Rodriguez, Renier"]
[Result "1/2-1/2"]
[ECO "B53"]
[WhiteElo "2603"]
[BlackElo "2467"]
[Annotator "TA"]
[PlyCount "91"]
[EventDate "2024.04.02"]
[EventType "swiss"]
[EventCountry "ESP"]
[SourceTitle "playchess.com"]
[Source "ChessBase"]
[SourceQuality "1"]
[TimeControl "5400+30"]

1. e4 c5 2. Nf3 d6 3. d4 cxd4 4. Qxd4 Nc6 5. Qe3 g6 6. Bc4 Bg7 7. Nc3 Nf6 8. h3 O-O 9. O-O Na5 10. Bb3 b6 11. Rd1 Qc7 12. Qe2 Bb7 13. Nd5 Nxd5 14. Bxd5 Rac8 15. c3 Nc4 16. Nd4 a6 {[%emt 0:02:04] Prevents Nb5.} 17. a4 Rfe8 18. Nc2 Red8 19. Ne3 Nxe3 20. Bxe3 e6 21. Bxb7 Qxb7 22. Bd4 b5 23. Bxg7 Kxg7 {[%emt 0:00:31] The position is equal.} 24. Rd4 Rc4 25. Qd2 Rdc8 26. axb5 axb5 27. Rxd6 Qxe4 28. Rd7 R8c7 29. Rd8 {[%emt 0:08:49] [#] Against Rxd7. Qd6 would now be deadly.} Rc8 30. Rxc8 Rxc8 $11 {[%emt 0:00:15][%mdl 4096] Endgame. KQR-KQR} 31. Re1 Qc4 32. Rd1 Rc5 33. Qd4+ e5 34. Qd6 b4 35. Rd3 bxc3 36. Rxc3 Rd5 37. Rxc4 Rxd6 {[%emt 0:00:04] KR-KR} 38. Rc1 {[%emt 0:00:19] Prevents Rd1+} Rb6 39. Rb1 Kf6 40. Kf1 Ke6 41. Ke2 f5 42. Kd3 Kd5 43. Rd1 e4+ (43... Rxb2 $2 {too greedy.} 44. Kc3+ Ke4 45. Kxb2 $18) 44. Kc3+ Ke5 45. Rd7 Rc6+ 46. Kd2 {[%emt 0:00:14] A balanced but interesting game.   Weighted Error Value: White=0.02 (flawless) /Black=0.02 (flawless) .  OK:         	White=19    	Black=17     Best:        	White=1     	---} 1/2-1/2

[Event "III Menorca Open-A 2024"]
[Site "Ciutadella Menorca"]
[Date "2024.04.03"]
[Round "3.11"]
[White "Idani, Pouya"]
[Black "Zhu, Jiner"]
[Result "1-0"]
[ECO "B31"]
[WhiteElo "2609"]
[BlackElo "2463"]
[Annotator "TA"]
[PlyCount "89"]
[EventDate "2024.04.02"]
[EventType "swiss"]
[EventCountry "ESP"]
[SourceTitle "playchess.com"]
[Source "ChessBase"]
[SourceQuality "1"]
[TimeControl "5400+30"]

1. e4 c5 2. Nf3 Nc6 3. Bb5 g6 4. O-O Bg7 5. c3 e5 6. d3 Nge7 7. Be3 d6 8. d4 exd4 9. cxd4 a6 (9... O-O $11) 10. Bxc6+ $1 $14 {[%emt 0:04:36] White is slightly better.} Nxc6 11. dxc5 dxc5 {[%emt 0:03:41] [#] ...Qxd1 would now be deadly.} 12. Nc3 Nd4 13. Nd5 Bg4 14. Bxd4 (14. Rc1 $16) 14... Bxd4 $11 15. h3 Bxf3 16. Qxf3 O-O 17. Rad1 Qd6 18. b4 b6 19. Rfe1 Rad8 20. bxc5 bxc5 21. Qf4 (21. Rd2 $11) 21... Qxf4 (21... f5 {is interesting.} 22. Qc1 fxe4 23. Ne3 h5) 22. Nxf4 Rb8 23. Re2 a5 24. Kf1 a4 25. Rc2 Rb2 26. Rxb2 Bxb2 {[%emt 0:00:09][%mdl 4096] Endgame. KRB-KRN} 27. Ke2 Re8 28. Kd3 c4+ 29. Kc2 Rxe4 30. Kxb2 {[%emt 0:00:06] Black must now prevent g3.} Rxf4 {[%emt 0:00:03] KR-KR} 31. f3 Kg7 32. Kc3 Kf6 33. Rd5 h5 34. Ra5 Rf5 $1 35. Rxa4 Re5 {[%emt 0:01:01] [#]} (35... Rg5 $11) 36. Rb4 $1 $16 ({Don't do} 36. Rxc4 Re2 $14) 36... Re3+ 37. Kxc4 {[%emt 0:00:09] And now a4 would win.} Re2 $2 {[%emt 0:00:03] Loses the game.} (37... Ra3 $16) 38. a4 $18 {[%emt 0:00:04][%cal Ba2a4,Ba4a5,Ba5a6,Ba6a7][%mdl 32] Strongly threatening Kb5.} Rxg2 $2 (38... Ke7 39. a5 Kd6) 39. a5 {[%emt 0:01:17] a6 is the strong threat.} Ra2 40. Kb5 Ke6 41. a6 Kd7 42. Kb6 Kc8 43. a7 {[%emt 0:00:05] White mates.} g5 44. Rb5 f6 45. Rc5+ {[%emt 0:00:07] Weighted Error Value: White=0.07 (flawless) /Black=0.55.  Loses game:     	---       	Black=1      Mistake:       	White=2     	Black=3      Inaccurate:     	---       	Black=3      OK:         	White=12    	Black=12     Best:        	White=4     	Black=2      Strong:       	White=2     	Black=1} 1-0

[Event "III Menorca Open-A 2024"]
[Site "Ciutadella Menorca"]
[Date "2024.04.03"]
[Round "3.12"]
[White "Levin, Guy"]
[Black "Sosa, Tomas"]
[Result "1/2-1/2"]
[ECO "A21"]
[WhiteElo "2451"]
[BlackElo "2562"]
[Annotator "TA"]
[PlyCount "38"]
[EventDate "2024.04.02"]
[EventType "swiss"]
[EventCountry "ESP"]
[SourceTitle "playchess.com"]
[Source "ChessBase"]
[SourceQuality "1"]
[TimeControl "5400+30"]

1. c4 e5 2. d3 f5 3. Nc3 Nf6 4. g3 d6 5. Bg2 Be7 6. f4 exf4 7. Bxf4 Nh5 8. Bd2 O-O {[%emt 0:00:37] White is slightly better.} 9. Nf3 c6 10. e3 Qe8 11. O-O Nd7 12. Nd4 {[%emt 0:04:28][%cal Od4e6] [#] And now Ne6! would win.} Ne5 13. Qe2 Ng4 14. Bf3 Qg6 15. Bxg4 fxg4 16. Rxf8+ Bxf8 17. Rf1 Bd7 18. e4 Re8 19. Qf2 b6 {[%emt 0:12:19] Weighted Error Value: White=0.09 (flawless) /Black=0.09 (flawless) .  Inaccurate:     	---       	Black=1      OK:         	White=4     	Black=4} 1/2-1/2

[Event "III Menorca Open-A 2024"]
[Site "Ciutadella Menorca"]
[Date "2024.04.03"]
[Round "3.13"]
[White "Tarhan, Adar"]
[Black "Adhiban, B.."]
[Result "1/2-1/2"]
[ECO "A01"]
[WhiteElo "2446"]
[BlackElo "2541"]
[Annotator "TA"]
[PlyCount "36"]
[EventDate "2024.04.02"]
[EventType "swiss"]
[EventCountry "ESP"]
[SourceTitle "playchess.com"]
[Source "ChessBase"]
[SourceQuality "1"]
[TimeControl "5400+30"]

1. b3 e5 2. Bb2 Nc6 3. e3 d5 4. Bb5 Nge7 5. Bxe5 a6 6. Bxc6+ Nxc6 7. Bb2 Qg5 8. Qf3 (8. Kf1 $1 $14) 8... Qg6 9. d3 Bb4+ ({Black should play} 9... Nb4 $11 10. Kd2 Bd6) 10. Nd2 (10. Nc3 $14) 10... Bg4 $1 $15 11. Qxd5 {[%emt 0:03:56] [#] Threatens to win with h4.} Rd8 12. Qc4 Be6 {[%emt 0:10:53] This pair of bishops is nice.} 13. Qf4 {[%emt 0:00:03] And now 0-0-0 would win.} Qxg2 14. Qf3 Bd5 $1 15. e4 {[%emt 0:00:03] [#]} Bxe4 $1 16. dxe4 Bxd2+ 17. Ke2 Qxf3+ ({Better is} 17... Qg5 $15 18. Kf1 O-O) 18. Nxf3 $11 Bh6 {[%emt 0:00:11] Weighted Error Value: White=0.25 (precise) /Black=0.14 (very precise) .  Mistake:       	White=2     	Black=2      OK:         	White=4     	Black=1      Best:        	White=3     	Black=5      Strong:       	---       	Black=2      Brilliant:      	---       	Black=1} 1/2-1/2

[Event "III Menorca Open-A 2024"]
[Site "Ciutadella Menorca"]
[Date "2024.04.03"]
[Round "3.14"]
[White "Gorshtein, Ido"]
[Black "Ghazarian, Kirk"]
[Result "1-0"]
[ECO "A20"]
[WhiteElo "2540"]
[BlackElo "2454"]
[Annotator "TA"]
[PlyCount "127"]
[EventDate "2024.04.02"]
[EventType "swiss"]
[EventCountry "ESP"]
[SourceTitle "playchess.com"]
[Source "ChessBase"]
[SourceQuality "1"]
[TimeControl "5400+30"]

1. c4 e5 2. g3 Nf6 3. Bg2 Bc5 4. d3 O-O 5. Nf3 d6 6. O-O c6 7. d4 exd4 8. Nxd4 {[%emt 0:00:06] The position is equal.} a5 9. Nc3 a4 10. e3 a3 11. b3 d5 12. cxd5 Nxd5 13. Nxd5 cxd5 14. Bd2 Bxd4 $1 15. exd4 Nc6 16. Rc1 Be6 17. Be3 Bf5 18. Qd2 Re8 19. Rc5 Be4 20. f3 Bg6 21. Bf2 Qd7 22. Rfc1 h6 23. Bf1 Rec8 24. b4 Rd8 25. h3 Qd6 26. Kg2 Ra4 27. Rb5 Nxb4 (27... Rxb4 $2 28. Rxc6 bxc6 29. Rxb4 $18) (27... Qe7 $14) 28. Rxb7 $18 Nc2 (28... Rb8 $142 29. Rb5 Raa8) 29. h4 Rb4 30. Rxb4 Nxb4 31. Rc5 Rb8 {[%emt 0:00:22] [#]} 32. Qc3 $1 Nc2 {[%emt 0:04:37] [#]} (32... Qf8 $142 33. Qxa3 Qe8) 33. h5 $1 Bh7 34. g4 Qf8 35. Bb5 Kh8 36. Bg3 (36. Rxd5 Qb4 37. Qc7 Rf8 $16) 36... Ra8 37. Bc6 (37. Rxd5 Qb4 38. Qxb4 Nxb4 $14) 37... Rc8 38. Bxd5 (38. Rxd5 $2 Qb4 39. Qxb4 Nxb4 $19) 38... Rd8 39. Bf2 {[%emt 0:00:10] A strong pair of Bishops.} (39. Bc7 $18 {has better winning chances.} Re8 40. Be4 Bxe4 41. fxe4 Rxe4 42. Qxc2 Rxd4 43. Bf4) 39... Nb4 $16 40. Qxb4 Rxd5 41. Qxa3 Rd8 (41... f5 $142) 42. Qe3 $18 Ra8 43. a3 f5 (43... f6 $142 44. d5 Bg8) 44. gxf5 (44. Bg3 $18 {is more deadly.}) 44... Bxf5 $16 45. Qe5 (45. Bg3 $16) 45... Bd7 $1 $14 46. Rc7 (46. Be3 $14 {is superior.}) 46... Rxa3 47. Be3 $36 {[%emt 0:01:20][%mdl 2048] White is more active. Active counter play!} (47. Rxd7 $2 Qxf3+ (47... Rxf3 $2 48. Bh4 $18) 48. Kg1 Qg4+ 49. Kf1 Ra1+ (49... Qxd7 $2 50. Qb8+ Kh7 51. Qb1+ Kg8 52. Qb8+ Kf7 53. Qb2 $19) 50. Be1 Qxd7 $19) 47... Qf5 {[%emt 0:00:53] Black cannot hold the game after this.} (47... Qf7 $1 $11 {and Black stays safe.}) 48. Qxf5 $18 (48. Bxh6 Qxf3+ (48... Rxf3 49. Qxg7#) 49. Kg1 Qd1+ 50. Kg2 Ra2+) 48... Bxf5 {[%emt 0:00:02][%mdl 4096] Endgame. KRB-KRB} 49. Bf4 Ra2+ (49... Kg8 $142 50. Be5 Rd3 51. Rxg7+ Kf8) 50. Kg3 Ra1 51. Be5 Rg1+ 52. Kf2 Rg5 53. f4 Rg4 54. d5 {[%emt 0:00:20][%cal Bd4d5,Bd5d6][%mdl 32] Wards off Be6. d6 would now be deadly.} Kg8 55. d6 {[%emt 0:00:09] White wants to mate with d7.} Kf8 56. Ra7 Ke8 57. Kf3 {[%emt 0:03:26] Strongly threatening d7+.} (57. Rxg7 Rxg7 58. Bxg7 Kd7 $11) 57... g6 $2 (57... Rg1 $18 58. Bxg7 (58. Rxg7 Rxg7 59. Bxg7 Kd7 $16) 58... Rf1+ 59. Ke3 Rd1 60. Re7+ (60. Bxh6 Rxd6 61. Ra8+ Rd8 $16) 60... Kd8 61. Bxh6 Rd3+ (61... Re1+ $2 62. Kd4 $18) 62. Ke2 Rxd6) 58. Re7+ (58. d7+ $142 Bxd7 59. Rxd7 gxh5 60. Rg7 Rh4 61. Rh7 Kf8 62. f5 (62. Rxh6 Rh1 $18) 62... Rh1 63. Ke4 (63. Rxh6 h4 $18)) 58... Kf8 59. Bg7+ Kg8 60. d7 {[%emt 0:00:10] White mates.} Bxd7 61. Rxd7 gxh5 62. Bxh6 Rg1 63. Bg5 Re1 64. Rd6 {[%emt 0:00:14] Weighted Error Value: White=0.19 (very precise) /Black=0.41.  Missed win:     	White=2     	---        Mistake:       	White=3     	Black=8      Inaccurate:     	White=1     	Black=6      OK:         	White=25    	Black=17     Best:        	White=5     	Black=3      Strong:       	White=1     	Black=2} (64. Re7 $142 Ra1 65. Ke4 h4 66. Kf5 (66. Bxh4 Ra5 $18) 66... h3 67. Kg6 Kf8 68. Rh7 Ke8 69. f5 (69. Rxh3 Ra6+ 70. Kg7 Ra5 $18)) 1-0

[Event "III Menorca Open-A 2024"]
[Site "Ciutadella Menorca"]
[Date "2024.04.03"]
[Round "3.15"]
[White "Malek, Jan"]
[Black "Stremavicius, Titas"]
[Result "1/2-1/2"]
[ECO "B45"]
[WhiteElo "2441"]
[BlackElo "2540"]
[Annotator "TA"]
[PlyCount "81"]
[EventDate "2024.04.02"]
[EventType "swiss"]
[EventCountry "ESP"]
[SourceTitle "playchess.com"]
[Source "ChessBase"]
[SourceQuality "1"]
[TimeControl "5400+30"]

1. e4 c5 2. Nf3 e6 3. d4 cxd4 4. Nxd4 Nf6 5. Nc3 Nc6 6. Nxc6 bxc6 7. e5 Nd5 8. Ne4 c5 9. Be2 Bb7 10. O-O Qc7 {[%emt 0:02:52] [#] White is slightly better.} 11. Nd6+ $1 Bxd6 12. exd6 Qc6 (12... Qxd6 $2 13. c4 $18) 13. f3 e5 (13... Qxd6 $2 {perishes.} 14. c4 $18) 14. c4 Nf4 15. Bxf4 exf4 16. Qd2 O-O $1 17. Qxf4 Rae8 18. Bd3 {[%emt 0:01:06] Rae1 is the strong threat.} Re6 19. Rfd1 g6 {[%emt 0:05:39] Wards off Bf5} 20. Bf1 Qb6 21. h4 h5 {[%emt 0:01:05] The position is equal.} 22. Rd2 Rfe8 23. Kf2 Kg7 24. Kg1 (24. b3 {keeps more tension.} Rf6 25. Qg5 Rxd6 26. Rad1) 24... Rf6 25. Qg3 Ree6 26. Rad1 a5 27. Bd3 Qxd6 28. Qxd6 Rxd6 29. Bf1 Rxd2 30. Rxd2 $11 {[%emt 0:00:01][%mdl 4096] Endgame. KRB-KRB} Bc6 31. Kf2 Re6 32. g3 Kf8 33. Bh3 Re8 34. f4 (34. Bxd7 $2 {too greedy.} Rd8 35. Rd6 Bxd7 $19 (35... Rxd7 36. Rxc6 Rd2+ 37. Ke3 $11)) 34... f5 35. Bf1 Rb8 36. Be2 Ke7 37. Ke3 Re8 38. Rd3 Rb8 39. Rd2 Re8 40. Rc2 Be4 41. Rd2 {[%emt 0:03:21] Weighted Error Value: White=0.04 (flawless) /Black=0.02 (flawless) .  Inaccurate:     	---       	Black=1      OK:         	White=7     	Black=21     Best:        	White=2     	Black=1      Strong:       	---       	Black=1} 1/2-1/2

[Event "III Menorca Open-A 2024"]
[Site "Ciutadella Menorca"]
[Date "2024.04.03"]
[Round "3.16"]
[White "Vogel, Roven"]
[Black "Audi Ameya"]
[Result "1/2-1/2"]
[ECO "D90"]
[WhiteElo "2528"]
[BlackElo "2387"]
[Annotator "TA"]
[PlyCount "136"]
[EventDate "2024.04.02"]
[EventType "swiss"]
[EventCountry "ESP"]
[SourceTitle "playchess.com"]
[Source "ChessBase"]
[SourceQuality "1"]
[TimeControl "5400+30"]

1. d4 Nf6 2. c4 g6 3. Nc3 d5 4. Nf3 Bg7 5. g3 dxc4 6. Bg2 {[%emt 0:00:45] D90: Grünfeld: 4 Nf3 Bg7 sidelines.} Nbd7 7. Qa4 a6 8. Qxc4 O-O 9. Ne5 Ne8 $146 ({Predecessor:} 9... Nxe5 10. dxe5 Be6 11. Qd3 Nd7 12. Bxb7 Ra7 13. Bg2 Bxe5 14. Be3 Nb6 15. a4 Qxd3 16. exd3 Bxc3+ 17. bxc3 {½-½ Mikhaletz,L (2316)-Peng,L (2498) Warsaw Szansa Blitz op 2021 (3)}) 10. Nxd7 Qxd7 11. d5 Nd6 12. Qd3 Nb5 13. Nd1 e6 14. a4 Nd4 15. Be3 Nf5 16. Bf4 exd5 17. Qxd5 Qxd5 18. Bxd5 Nd4 19. Rc1 Re8 20. Rxc7 Rxe2+ 21. Kf1 Bh3+ 22. Bg2 Re1+ $1 23. Kxe1 Bxg2 24. Rf1 Nf3+ 25. Ke2 Nd4+ 26. Ke1 {[%emt 0:00:08] [#]} Ne6 (26... Rd8 $1 $19 {and Black stays clearly on top. Hoping for ...g5.} 27. h4 Nf3+ 28. Ke2 Nh2 (28... Bxf1+ 29. Kxf1 b5 30. axb5 $11)) 27. Rc2 (27. Rg1 $142 Re8 28. Rxg2 Nxc7+ 29. Kf1) 27... Nxf4 ({Don't play} 27... Nd4 28. Rc1 $17) (27... Rd8 $17 28. Ne3 Bc6 (28... Bxf1 29. Kxf1 h5 30. Bc7 $15) 29. Rxc6 bxc6) 28. gxf4 $11 Bxf1 29. Kxf1 Rd8 30. Ne3 f5 31. Rc7 b5 32. axb5 axb5 33. Rb7 Bxb2 34. Rxb5 Bd4 35. Rd5 Rxd5 36. Nxd5 Kf7 37. Kg2 Ke6 38. Nb4 Bc3 39. Nd3 Kd5 40. Kf3 Bd4 41. Nc1 Kc4 42. Ne2 Kd3 43. Ng1 Bb6 44. Kg3 Kd2 45. Kg2 Bc7 46. Nf3+ Ke2 47. Nd4+ Kd3 48. Ne6 Bd6 49. Ng5 h6 50. Nf7 $1 Bxf4 51. Kf3 (51. Nh8 $1 $11) 51... Bxh2 $17 52. Nxh6 Kd4 53. Nf7 Kd5 54. Ng5 Bd6 55. Nh3 Ke5 56. Kg2 Bc5 57. Ng5 {[%emt 0:01:27] [#]} (57. Kf3 $142) 57... Kf6 ({Better is} 57... Be7 $1 $17 58. Nf3+ Ke4 59. Nd2+ Kf4) 58. f4 $15 Ke7 59. Kf3 Bd4 60. Nh3 Kd6 61. Ng5 Bf6 62. Nh3 $1 Kd5 63. Ng1 Kd4 64. Ne2+ Kd3 65. Ng3 Bd4 66. Ne2 Be3 67. Ng3 Bg1 68. Nf1 Bc5 1/2-1/2

[Event "III Menorca Open-A 2024"]
[Site "Ciutadella Menorca"]
[Date "2024.04.03"]
[Round "3.17"]
[White "Pranav Anand"]
[Black "Mamedov, Edgar"]
[Result "0-1"]
[ECO "C55"]
[WhiteElo "2519"]
[BlackElo "2317"]
[Annotator "TA"]
[PlyCount "136"]
[EventDate "2024.04.02"]
[EventType "swiss"]
[EventCountry "ESP"]
[SourceTitle "playchess.com"]
[Source "ChessBase"]
[SourceQuality "1"]
[TimeControl "5400+30"]

1. e4 e5 2. Nf3 Nc6 3. Bc4 Nf6 4. d3 Be7 5. O-O O-O 6. a4 d6 7. Re1 Be6 8. a5 a6 9. h3 Qd7 10. Nc3 Rae8 11. Bd2 Bd8 12. Ng5 Bxc4 13. dxc4 h6 14. Nf3 Qe6 15. Nd5 Nd7 16. Be3 f5 17. Qd3 f4 18. Bd2 Nc5 19. Qe2 Qf7 20. Bc3 Ne6 21. Rad1 g5 22. b4 h5 23. Nh2 Ncd4 24. Bxd4 Nxd4 25. Qd3 c6 26. Nb6 Bc7 27. c3 Ne6 28. Rd2 Re7 29. Red1 Qg6 30. f3 Rd8 31. Qe2 Qe8 32. Qf2 Rg7 33. Rd3 Kh8 34. Qe2 Qf8 35. R1d2 (35. Qa2 $11 {remains equal.}) 35... Qe8 ({Black should play} 35... Bxb6+ $17 36. axb6 a5) 36. Qd1 Qe7 ({Don't play} 36... g4 37. hxg4 h4 38. Na4 $14) 37. Qb3 (37. Kf1 $11) 37... Kh7 (37... g4 $1 $15 38. hxg4 hxg4 39. Nxg4 Qh4) 38. Kf1 Rdg8 39. Ke2 (39. Qd1 $11) 39... Kh8 (39... Bxb6 40. axb6 Ra8 41. Rxd6 $14) (39... g4 $1 $17 40. fxg4 Ng5) 40. Kd1 Kh7 (40... Bxb6 $15 41. axb6 Rd8) 41. Kc1 (41. Ke2 $11) 41... Kh8 (41... Bxb6 $15 {deserves consideration.} 42. axb6 Rd8) 42. Kb2 Kh7 43. Rd1 Kh8 44. Qc2 Kh7 (44... Rh7 $11) 45. Qf2 (45. Nf1 {feels hotter.} Bxb6 46. axb6 a5 47. Rxd6 axb4 48. cxb4 Nd4 49. R1xd4 exd4 50. c5) 45... Kh8 46. Rh1 Rh7 47. Nf1 Rgg7 48. Nd2 g4 49. hxg4 hxg4 50. Rxh7+ Kxh7 51. Nb3 gxf3 52. gxf3 Kg8 53. Ka3 Qf8 54. Na4 Qe7 {[%emt 0:00:37] [#]} (54... Bd8 $16 {was called for.}) 55. Qa7 $1 $18 Nd8 56. c5 d5 57. exd5 cxd5 58. Rxd5 e4 59. fxe4 Qxe4 60. Rd4 Qe2 {[%emt 0:01:08] [#]} 61. Rd2 $1 Qe3 62. Nb6 (62. Qa8 $18 {[%cal Oa4b6] is more deadly. Nb6! would now be deadly.} f3 63. Rxd8+ Bxd8 64. Qxd8+ Kf7 65. Qc7+ Kf8 66. Qd6+ Kf7 67. Qd5+ (67. c6 bxc6 68. Qd7+ Kf8 $14) 67... Kf8 68. Qd8+ Kf7 69. Qd5+ Kf8 70. Qd6+ Kf7 71. Nb2 (71. c6 bxc6 72. Qc7+ Kf8 $14)) 62... Qxc3 $16 63. Nd5 Qe5 64. Qa8 $2 (64. Nxc7 $16 Qxc7 65. Qa8) 64... Rg3 $1 $15 65. Nxc7 $2 (65. Rd1 $15 Qe2 66. Rb1) 65... Qa1+ $19 66. Ra2 Qd1 67. Rb2 Rxb3+ $1 68. Ka2 Re3 0-1

[Event "III Menorca Open-A 2024"]
[Site "Ciutadella Menorca"]
[Date "2024.04.03"]
[Round "3.18"]
[White "Falkevall, Axel"]
[Black "Lubbe, Nikolas"]
[Result "0-1"]
[ECO "D37"]
[WhiteElo "2284"]
[BlackElo "2518"]
[Annotator "TA"]
[PlyCount "117"]
[EventDate "2024.04.02"]
[EventType "swiss"]
[EventCountry "ESP"]
[SourceTitle "playchess.com"]
[Source "ChessBase"]
[SourceQuality "1"]
[TimeControl "5400+30"]

1. d4 d5 2. c4 e6 3. Nc3 Nf6 4. Nf3 Be7 5. Bf4 O-O 6. e3 b6 7. Be2 dxc4 8. Bxc4 Ba6 9. Bxa6 Nxa6 {[%emt 0:00:02] White is slightly better.} 10. Ne5 Nd5 11. Nc6 Nxc3 12. bxc3 Qd7 13. Nxe7+ Qxe7 14. O-O c5 15. Qe2 Qb7 16. Rad1 {[%emt 0:05:37][%cal Ba1d1,Bd1d3,Bd3g3][%mdl 32] Black is weak on the dark squares} Rfc8 17. e4 cxd4 18. cxd4 Rd8 19. Rd3 f6 20. Rfd1 Rac8 21. Rg3 Rd7 22. h4 Rcd8 23. e5 f5 24. Bg5 Re8 25. d5 exd5 26. e6 Rd6 27. e7 Nc5 28. Qe5 $1 {[%emt 0:00:37][%csl LRd6,LRf5][%cal Og5h6] [#] White threatens Bh6! and mate.} Qd7 $1 29. Bf4 ({But not} 29. Bf6 g6 30. Qa1 Qa4 $15 (30... Ne4 31. Bh8 $17)) (29. h5 $5 Re6 $8 30. Qf4 $14 (30. Qxf5 $2 {loses.} Re1+ 31. Rxe1 Qxf5 $19) (30. Qxd5 Qxd5 31. Rxd5 Ne4 $11)) 29... Rg6 30. Rxd5 Qxe7 31. Qxe7 Rxe7 32. Rxf5 Re1+ 33. Kh2 Re4 34. Ra3 a5 35. h5 Rge6 36. Be3 R4e5 37. Rxe5 Rxe5 $11 {[%emt 0:00:00][%mdl 4096] Endgame. KRB-KRN} 38. g4 Kf7 39. Bd4 Rd5 40. Rf3+ Kg8 41. Bxc5 Rxc5 {[%emt 0:00:08] KR-KR} 42. Kg3 b5 43. Rd3 b4 44. Rd7 h6 45. f4 Rc3+ 46. Kh4 Rc2 47. g5 {[%emt 0:00:15] [#] Hoping for g6.} hxg5+ 48. fxg5 {[%emt 0:00:04] Black must now prevent g6.} Rxa2 {[%emt 0:01:17] ...a4 is the strong threat.} 49. g6 Rf2 {[%emt 0:00:43] And now ...b3 would win.} 50. Ra7 Rf8 51. Rxa5 Rb8 {[%emt 0:00:01] Inhibits Rb5.} 52. Ra2 Kf8 53. Rb2 $1 Ke7 54. Kg4 b3 55. Kf4 $2 (55. Kf5 $11) 55... Kf6 $19 56. Ke4 Kg5 57. Kd4 Kxh5 58. Kc3 Kxg6 {[%emt 0:00:15] ...Kg5 would now be deadly.} 59. Kd4 {[%emt 0:01:26] Weighted Error Value: White=0.29 (precise) /Black=0.03 (flawless) .  Loses game:     	White=1     	---        Inaccurate:     	White=2     	Black=1      OK:         	White=21    	Black=20     Best:        	White=3     	Black=4      Strong:       	White=2     	Black=1} 0-1

[Event "III Menorca Open-A 2024"]
[Site "Ciutadella Menorca"]
[Date "2024.04.03"]
[Round "3.19"]
[White "Iermito, Sebastian"]
[Black "Zhu, Hengyi"]
[Result "1-0"]
[ECO "A07"]
[WhiteElo "2511"]
[BlackElo "2282"]
[Annotator "RC"]
[PlyCount "95"]
[EventDate "2024.04.02"]
[EventType "swiss"]
[EventCountry "ESP"]
[SourceTitle "playchess.com"]
[Source "ChessBase"]
[SourceQuality "1"]
[TimeControl "5400+30"]

1. Nf3 Nf6 2. g3 d5 3. Bg2 e6 4. O-O Be7 5. d3 O-O 6. Bf4 Nc6 7. d4 Bd6 8. e3 Re8 9. Nbd2 e5 10. dxe5 Nxe5 11. Bxe5 Bxe5 12. Nxe5 Rxe5 13. c4 Re8 14. cxd5 Nxd5 15. Nc4 Be6 16. Qe2 Qe7 17. Rfd1 Rad8 18. Rac1 h6 19. a3 c6 20. b4 Nf6 21. Qc2 Bg4 22. Rxd8 Rxd8 23. Na5 Rd7 24. Nb3 Nd5 25. h3 Bh5 26. Qc5 Qxc5 27. Nxc5 Re7 28. e4 Nb6 29. g4 Bg6 30. Rd1 f6 31. Rd8+ Kh7 32. Bf1 Bf7 33. Rb8 Bc4 34. Rxb7 Rxb7 35. Nxb7 Bxf1 36. Kxf1 Nc4 37. Nd8 c5 38. bxc5 Nxa3 39. Ke2 Nb5 40. Kd3 Kg8 41. Kc4 Nc7 42. Nc6 a6 43. Ne7+ Kf7 44. Nd5 Ne6 45. c6 Ke8 46. Kb4 Ng5 47. Ka5 Nxe4 48. Kxa6 1-0

[Event "III Menorca Open-A 2024"]
[Site "Ciutadella Menorca"]
[Date "2024.04.03"]
[Round "3.20"]
[White "Ha, Yihan"]
[Black "Erigaisi Arjun"]
[Result "0-1"]
[ECO "A50"]
[WhiteElo "1865"]
[BlackElo "2748"]
[Annotator "TA"]
[PlyCount "96"]
[EventDate "2024.04.02"]
[EventType "swiss"]
[EventCountry "ESP"]
[SourceTitle "playchess.com"]
[Source "ChessBase"]
[SourceQuality "1"]
[TimeControl "5400+30"]

1. d4 Nf6 2. c4 b6 3. Nc3 Bb7 4. Qc2 Nc6 5. d5 Nb4 6. Qb3 e6 7. a3 Na6 8. e4 {[%emt 0:04:04] The position is equal.} exd5 9. exd5 Bd6 10. Be2 O-O 11. Nf3 c6 12. dxc6 Bxc6 13. O-O Ng4 ({Black should play} 13... Nc5 $11 14. Qd1 Nce4) 14. h3 Ne5 15. Nxe5 (15. Nd4 $14) 15... Bxe5 $11 16. Be3 Re8 17. Rad1 Rc8 18. Nb5 Nc5 19. Qc2 Qf6 20. Nd4 {[%emt 0:11:12] [#]} (20. b4 $11 {keeps the balance.} Bxb5 21. bxc5 (21. cxb5 Ne4 $11)) 20... Be4 ({Black should try} 20... Ba4 $1 $17 21. b3 Bxd4 22. Bxd4 Bxb3) 21. Qd2 $15 Bxd4 22. Bxd4 Qg6 23. f3 Bc2 24. Rde1 Nb3 25. Qc3 d5 26. Bxg7 Qxg7 (26... Nc1 {with more complications.} 27. Rf2 Na2 28. Qd2 Kxg7 29. cxd5 Bb3) 27. Qxc2 Qd4+ 28. Kh1 Nd2 29. Rg1 dxc4 30. Bd1 Rxe1 31. Rxe1 Rc5 32. Re2 Rd5 33. Re8+ (33. Qc1 $1 $11) 33... Kg7 34. Be2 b5 35. Qc1 a5 36. Qe1 Qf4 {[%emt 0:13:47] Wards off Qg3+} (36... Qxb2 37. Qg3+ Kh6 38. Qf4+ Kg7 39. Qg4+ Kh6 40. Rg8 $18) 37. Bd1 b4 38. axb4 axb4 $40 {[%emt 0:00:03][%mdl 128] White is in trouble.} 39. Qe7 {[%emt 0:00:30] Strongly threatening Qf8+.} Qd6 {[%emt 0:01:11] Active counter play!} 40. Qxd6 (40. Qh4 $142) 40... Rxd6 $17 {[%emt 0:00:05][%mdl 4096] Endgame. KRB-KRN. Black is clearly better.} 41. Kg1 b3 42. Rc8 Nb1 43. Be2 {[%emt 0:00:06] [#]} (43. Bxb3 $17 {might work better.} cxb3 44. Rc1) 43... c3 $1 $19 44. bxc3 b2 {[%emt 0:00:51][%cal Ob1c3] And now ...Nxc3! would win.} 45. Rb8 Rd2 (45... Nxc3 46. Rxb2 Kf8 47. Bc4 $16) 46. Bd3 Rxd3 47. Rxb2 Nxc3 48. Rb7 Rd2 {[%emt 0:00:08] Weighted Error Value: White=0.14 (very precise) /Black=0.06 (flawless) .  Mistake:       	White=5     	Black=2      Inaccurate:     	White=1     	---        OK:         	White=19    	Black=25     Best:        	White=6     	Black=2      Brilliant:      	---       	Black=1} 0-1